 Dungeon Crawl Stone Soup version 0.23-a0-667-gc184e93 (webtiles) character file.

1473 Lanoc the Slasher (level 8, -1/67 HPs)
             Began as a Gnoll Chaos Knight on Jan 9, 2019.
             Was a Follower of Zin.
             Succumbed to an orc wizard's poison
             ... on level 6 of the Dungeon.
             The game lasted 00:13:30 (5195 turns).

Lanoc the Slasher (Gnoll Chaos Knight)              Turns: 5195, Time: 00:13:36

Health: -1/67      AC:  5    Str: 16    XL:     8   Next: 78%
Magic:  22/22      EV: 14    Int: 15    God:    Zin [*.....]
Gold:   307        SH:  0    Dex: 15    Spells: 14/14 levels left

rFire    . . .     SeeInvis .   y - +2 whip (elec)
rCold    . . .     Gourm    .   (no shield)
rNeg     . . .     Faith    .   b - +2 leather armour
rPois    .         Spirit   .   (no helmet)
rElec    .         Reflect  .   (no cloak)
rCorr    .         Harm     .   (no gloves)
MR       .....                  (no boots)
Stlth    ++........             (no amulet)
HPRegen  0.21/turn              i - ring of magical power
MPRegen  0.18/turn              (no ring)

@: lethally poisoned (-1 -> -18), berserk cooldown, slowed, very slow
A: distributed training, fangs 1, strong nose
a: Recite, Donate Gold, Renounce Religion


You were on level 6 of the Dungeon.
You worshipped Zin.
Zin was aware of your devotion.
You were not hungry.

You visited 2 branches of the dungeon, and saw 8 of its levels.

You collected 341 gold pieces.
You donated 34 gold pieces to Zin.

Inventory:

Hand Weapons
 y - a +2 whip of electrocution (weapon)
Armour
 b - a +2 leather armour (worn)
Jewellery
 i - a ring of magical power (left hand)
Wands
 z - a wand of digging (5)
Scrolls
 d - a scroll of amnesia
 f - 4 scrolls of teleportation
 j - a scroll of random uselessness {unknown}
 k - a scroll of vulnerability {unknown}
 l - a scroll of fear {unknown}
 o - 2 scrolls of remove curse {unknown}
 p - a scroll of blinking {unknown}
 r - 2 scrolls of immolation {unknown}
 s - 2 scrolls of fog {unknown}
 v - a scroll of enchant weapon {unknown}
 D - a scroll of brand weapon {unknown}
Potions
 e - a potion of agility
 g - 2 potions of flight
 h - 2 potions of magic
 q - a potion of might
 w - a potion of mutation
 x - a potion of cancellation
 A - a potion of berserk rage
Comestibles
 c - 10 rations


   Skills:
 + Level 7.5 Fighting
 + Level 3.5 Short Blades
 + Level 7.5 Long Blades
 + Level 3.5 Axes
 + Level 3.5 Maces & Flails
 + Level 3.5 Polearms
 + Level 3.5 Staves
 + Level 3.5 Slings
 + Level 3.5 Bows
 + Level 3.5 Crossbows
 + Level 3.5 Throwing
 + Level 5.8 Armour
 + Level 4.4 Dodging
 + Level 3.5 Stealth
 + Level 3.5 Shields
 + Level 3.5 Unarmed Combat
 + Level 3.5 Spellcasting
 + Level 2.8 Conjurations
 + Level 2.8 Hexes
 + Level 2.8 Charms
 + Level 2.8 Summonings
 + Level 2.8 Necromancy
 + Level 2.8 Translocations
 + Level 2.8 Transmutations
 + Level 2.8 Fire Magic
 + Level 2.8 Ice Magic
 + Level 2.8 Air Magic
 + Level 2.8 Earth Magic
 + Level 2.8 Poison Magic
 + Level 3.8 Invocations
 + Level 3.5 Evocations


You had 14 spell levels left.
You didn't know any spells.
Your spell library was empty.

Dungeon Overview and Level Annotations

Branches:
Dungeon (7/15)             Temple (1/1) D:6

Altars:
Ashenzari
Cheibriados
Dithmenos
Elyvilon
Fedhas
Gozag
Hepliaklqana
Kikubaaqudgha
Makhleb
Nemelex Xobeh
Okawaru
Qazlal
Ru
Sif Muna
Trog
Uskayaw
Vehumet
Wu Jian
Xom
Yredelemnul
Zin
The Shining One

Portals:
Bailey: D:7

Annotations:
D:3 Grinder


Innate Abilities, Weirdness & Mutations

Your experience applies equally to all skills.
You have very sharp teeth.
Your uncanny sense of smell can sniff out nearby items.


Message History

* * * LOW HITPOINT WARNING * * *
You feel very sick.
Found a stone staircase leading up.
* * * LOW HITPOINT WARNING * * *
You feel very sick.
* * * LOW HITPOINT WARNING * * *
You feel very sick.
* * * LOW HITPOINT WARNING * * *
You feel very sick.
An orc comes into view.
It is wielding a +1 trident of protection.
There is a stone staircase leading up here.
* * * LOW HITPOINT WARNING * * *
You feel very sick.
You hear Xom's avuncular chuckle.
The orc evaporates and reforms as a river rat!
The divine experience drains your vigour!
You feel as though you will be slow longer.
You climb upwards.
You die...
Xom laughs nastily!

### ### ###.# #.# ..#.# #.# ###.#
#.# ###.###### #.#
....#....#######.#
#####............#
#....###.######..##### #####
#...............@#...#######...##
#....#####.#######.##......#.#...
#.......##.#######.#########.###.
##.#######....#....# #####.# #.
##.# ####.#.#### #.....# #. #.##
#######.#.# ####.#######. #..#
#....##.#.#####..#.#....##.
###.###.##.##.#.##.....#.#.......
#.......##.##.#.##.##..#.#....##.


There were no monsters in sight!

Vanquished Creatures
  A water moccasin (D:7)
  An ice beast (D:6)
  A necrophage (D:6)
  4 ogres
  A centaur (D:6)
  A bullfrog (D:6)
  4 scorpions
  A water moccasin skeleton (D:6)
  A howler monkey (D:4)
  A crimson imp (D:6)
  A bullfrog skeleton (D:4)
  A hound (D:6)
  An orc wizard (D:7)
  3 worker ants
  6 adders
  6 gnolls (D:4)
  An ooze (D:2)
  3 worms
  A dart slug (D:2)
  2 leopard geckos
  21 orcs
  2 giant cockroaches
  7 goblins
  6 hobgoblins
  7 jackals
  3 kobolds (D:3)
  3 quokkas
  2 ball pythons
  5 bats
  A frilled lizard (D:1)
  6 rats
104 creatures vanquished.

Vanquished Creatures (collateral kills)
  An orc priest (D:3)
  An adder (D:3)
  A leopard gecko (D:3)
  3 orcs (D:3)
  A quokka (D:3)
  A leopard gecko zombie (D:3)
  A rat (D:3)
9 creatures vanquished.

Vanquished Creatures (others)
  3 slaves (D:4)
  A worker ant (D:4)
  An adder (D:6)
  A gnoll (D:4)
6 creatures vanquished.

Grand Total: 119 creatures vanquished

Notes
Turn   | Place    | Note
-------+----------+-------------------------------------------
     0 | D:1      | Lanoc the Gnoll Chaos Knight began the quest for the Orb.
     0 | D:1      | Reached XP level 1. HP: 23/23 MP: 1/1
   176 | D:1      | Reached XP level 2. HP: 29/29 MP: 2/2
   209 | D:1      | XOM: harmless Necr miscast
   448 | D:2      | Reached XP level 3. HP: 35/35 MP: 3/3
   588 | D:2      | Reached skill level 1 in Invocations
   606 | D:2      | XOM: harmless Erth miscast
   791 | D:2      | Reached skill level 1 in Short Blades
   791 | D:2      | Reached skill level 1 in Axes
   791 | D:2      | Reached skill level 1 in Maces & Flails
   791 | D:2      | Reached skill level 1 in Polearms
   791 | D:2      | Reached skill level 1 in Staves
   791 | D:2      | Reached skill level 1 in Slings
   791 | D:2      | Reached skill level 1 in Bows
   791 | D:2      | Reached skill level 1 in Crossbows
   791 | D:2      | Reached skill level 1 in Throwing
   791 | D:2      | Reached skill level 1 in Stealth
   791 | D:2      | Reached skill level 1 in Shields
   791 | D:2      | Reached skill level 1 in Unarmed Combat
   791 | D:2      | Reached skill level 1 in Spellcasting
   791 | D:2      | Reached skill level 1 in Evocations
   812 | D:2      | Reached XP level 4. HP: 41/41 MP: 5/5
   876 | D:3      | Noticed Grinder
   879 | D:3      | XOM: divination: detect items
   883 | D:3      | Paralysed by Grinder for 5 turns
   896 | D:3      | Paralysed by Grinder for 2 turns
   899 | D:3      | XOM: cast spell 'Summon Ice Beast'
   904 | D:3      | Paralysed by Grinder for 4 turns
   911 | D:3      | XOM: enchant monster (good)
   951 | D:3      | XOM: cast spell 'Dispersal'
   952 | D:3      | XOM: harmless Summ miscast
  1268 | D:3      | XOM: cast spell 'Necromutation'
  1288 | D:3      | Reached skill level 1 in Conjurations
  1288 | D:3      | Reached skill level 1 in Hexes
  1288 | D:3      | Reached skill level 1 in Charms
  1288 | D:3      | Reached skill level 1 in Summonings
  1288 | D:3      | Reached skill level 1 in Necromancy
  1288 | D:3      | Reached skill level 1 in Translocations
  1288 | D:3      | Reached skill level 1 in Transmutations
  1288 | D:3      | Reached skill level 1 in Fire Magic
  1288 | D:3      | Reached skill level 1 in Ice Magic
  1288 | D:3      | Reached skill level 1 in Air Magic
  1288 | D:3      | Reached skill level 1 in Earth Magic
  1288 | D:3      | Reached skill level 1 in Poison Magic
  1637 | D:3      | Reached XP level 5. HP: 47/47 MP: 6/6
  1720 | D:3      | XOM: confuse monster(s)
  1754 | D:4      | XOM: confusion (+ monsters)
  1812 | D:4      | XOM: confuse monster(s)
  1830 | D:4      | Reached XP level 6. HP: 15/53 MP: 8/8
  1877 | D:4      | Reached skill level 5 in Armour
  1936 | D:4      | XOM: divination: magic mapping
  2230 | D:4      | XOM: noise
  2240 | D:4      | Reached XP level 7. HP: 40/59 MP: 10/10
  2319 | D:4      | Noticed Pikel
  2321 | D:4      | XOM: confuse monster(s)
  2323 | D:4      | XOM: medium Pois miscast
  2325 | D:4      | Noticed Pikel
  2325 | D:4      | Pikel changed into Pikel the ogre
  2325 | D:4      | XOM: polymorph Pikel -> Pikel the ogre
  2330 | D:4      | XOM: destruction
  2332 | D:4      | Killed Pikel the ogre
  2336 | D:4      | XOM: smoke on damage
  2879 | D:4      | XOM: harmless Summ miscast
  2892 | D:5      | Entered Level 5 of the Dungeon
  3035 | D:5      | XOM: scenery: 1 doors open, 1 doors close
  3110 | D:5      | XOM: 2-stop teleportation journey
  3207 | D:5      | XOM: scenery: 2 doors open
  3400 | D:5      | Found a shimmering altar of Xom.
  3811 | D:6      | Reached XP level 8. HP: 62/67 MP: 12/12
  3858 | D:6      | XOM: cloud trail
  3956 | D:6      | XOM: god gift: 5 rations
  4126 | D:6      | Found a glowing silver altar of Zin.
  4407 | D:6      | Found a staircase to the Ecumenical Temple.
  4469 | Temple   | Entered the Ecumenical Temple
  4479 | D:6      | XOM: harmless Necr miscast
  4663 | D:6      | XOM: enchant monster (good)
  4702 | D:6      | XOM: harmless Air miscast
  4812 | D:6      | XOM: mild Fire miscast
  4822 | D:6      | XOM: god gift: 13 stones
  4844 | D:6      | XOM: noise
  5072 | D:6      | Fell from the grace of Xom
  5072 | D:6      | Became a worshipper of Zin the Law-Giver
  5072 | D:6      | Reached * piety under Zin
  5129 | D:7      | Found a flagged portal.
  5194 | D:7      | HP: 1/67 [poisoned by an orc wizard]
  5194 | D:7      | XOM: polymorph orc -> river rat
  5195 | D:6      | Succumbed to an orc wizard's poison

Vault maps used:
D:1:      saegor_arrival_simple_b
D:2:      first_ration
D:3:      uniq_grinder
D:4:      uniq_pikel
D:5:      kennysheep_small_spiral, xom_teletrap_fun
D:6:      old_standard_altar, minmay_temple_entry_hall, serial_co_window_serial,
          co_window_corner_a, co_window_paths_a, co_window_corner_a,
          co_window_of_opportunity_a, co_window_corner_a, co_window_paths_b,
          co_window_paths_b, co_window_paths_a, co_window_of_opportunity_a,
          co_window_broadway_c, co_window_unsneaky_path_e, co_window_2corner,
          co_window_4corner_a
D:7:      enter_bailey_8, nicolae_ru_awakened_eye
Temple:   nicolae_temple_the_god_donut

Skill      XL: |  1  2  3  4  5  6  7  8 |
---------------+-------------------------+-----
Invocations    | 1 2 3 |  3.8
Short Blades   | 1 2 3 |  3.5
Axes           | 1 2 3 |  3.5
Maces & Flails | 1 2 3 |  3.5
Polearms       | 1 2 3 |  3.5
Staves         | 1 2 3 |  3.5
Slings         | 1 2 3 |  3.5
Bows           | 1 2 3 |  3.5
Crossbows      | 1 2 3 |  3.5
Throwing       | 1 2 3 |  3.5
Stealth        | 1 2 3 |  3.5
Shields        | 1 2 3 |  3.5
Unarmed Combat | 1 2 3 |  3.5
Spellcasting   | 1 2 3 |  3.5
Evocations     | 1 2 3 |  3.5
Conjurations   | 1 2 |  2.8
Hexes          | 1 2 |  2.8
Charms         | 1 2 |  2.8
Summonings     | 1 2 |  2.8
Necromancy     | 1 2 |  2.8
Translocations | 1 2 |  2.8
Transmutations | 1 2 |  2.8
Fire Magic     | 1 2 |  2.8
Ice Magic      | 1 2 |  2.8
Air Magic      | 1 2 |  2.8
Earth Magic    | 1 2 |  2.8
Poison Magic   | 1 2 |  2.8
Dodging        | 3 4 |  4.4
Armour         | 5 |  5.8
Fighting       | 7 |  7.5
Long Blades    | 7 |  7.5

Action                   |  1- 3 |  4- 6 |  7- 9 || total
-------------------------+-------+-------+-------++-------
Melee: Falchion          |    69 |   132 |   152 ||   353
       Bite              |     7 |    20 |    29 ||    56
       Punch             |       |     1 |     3 ||     4
       Whip              |       |       |    27 ||    27
  Use: Potion            |       |     8 |     5 ||    13
       Scroll            |       |       |     8 ||     8
 Stab: Sleeping          |     3 |     1 |     6 ||    10
       Confused          |       |     5 |       ||     5
       Paralysed         |       |       |     2 ||     2
       Petrified         |       |       |     7 ||     7
       Petrifying        |       |       |     2 ||     2
  Eat: Chunk             |       |     4 |     6 ||    10
       Ration            |       |       |     1 ||     1
Armor: Leather armour    |    20 |    34 |    43 ||    97
Dodge: Dodged            |    29 |    81 |    93 ||   203
       Rpst.: Falchion   |     4 |    25 |    21 ||    50

Table legend:
 A = Non-vault XP
 B = Vault XP
 C = Vault XP percentage of total XP
 D = Non-vault monster count
 E = Vault monster count
 F = Vault count percentage of total count
                 A         B        C        D         E       F
            +---------+---------+-------+---------+---------+-------
      Total |    2018 |      87 |   4.1 |     114 |       1 |   0.9
            +---------+---------+-------+---------+---------+-------
        D:1 |      16 |       0 |   0.0 |      12 |       0 |   0.0
        D:2 |      67 |       0 |   0.0 |      18 |       0 |   0.0
        D:3 |      98 |       0 |   0.0 |      31 |       0 |   0.0
        D:4 |     580 |      87 |  13.0 |      21 |       1 |   4.5
        D:5 |      78 |       0 |   0.0 |       6 |       0 |   0.0
        D:6 |     983 |       0 |   0.0 |      20 |       0 |   0.0
        D:7 |     196 |       0 |   0.0 |       6 |       0 |   0.0
            +---------+---------+-------+---------+---------+-------
